AoeStats
← skeezerrr

Fortress

508300495Analyzed
4v4 RM · 12d ago on Sep 21, 2026· 52m 42s· 8 players
Game mode
Random Map
Map size
Huge
Population
200
Speed
Normal
Resources
Standard
Victory
Conquest
Starting age
Dark Age
Ending age
Imperial Age
RankedLock teamsTeams togetherTeam positionsShared explorationLock speedFull tech treeHidden civsTurbo modeCheats
Victory
Defeat
🇧🇾 Dravidians · Belarus
1185
+15
🇹🇷 Huns · Türkiye
1180
+15
🇵🇱 Magyars · Poland
1173
+15
🇺🇾 Khmer · Uruguay
1168
+16
🇬🇧 Persians · United Kingdom
1224
-18
🇬🇧 Ethiopians · United Kingdom
1188
-16
🇬🇧 Vietnamese · United Kingdom
1134
-14
🇬🇧 Franks · United Kingdom
1100
-13
JoaK1ng
8:20 Feudal Age
12:47 Castle Age
10:27 Horse Collar
10:33 Double-Bit Axe
13:43 Bow Saw
13:34 Heavy Plow
18:51 Wheelbarrow
20:36 Hand Cart
20:36 Town Watch
23:56 Imperial Age
22:38 Scale Barding Armor
22:49 Forging
23:51 Bloodlines
23:41 Husbandry
24:25 Chain Barding Armor
24:22 Husbandry
25:21 Iron Casting
25:52 Crop Rotation
25:44 Elite Battle Elephant
27:15 Husbandry
29:26 Blast Furnace
29:02 Plate Barding Armor
28:50 Tusk Swords
30:33 Caravan
31:01 Loom
31:16 Town Patrol
31:38 Pikeman
32:21 Scale Mail Armor
31:53 Capped Ram
32:49 Halberdier
33:57 Chain Mail Armor
36:29 Fletching
36:31 Siege Ram
40:22 Bodkin Arrow
41:10 Ballistics
41:50 Chemistry
40:56 Siege Engineers
40:46 Murder Holes
50:58 Heavy Scorpion
balas351
9:10 Feudal Age
12:49 Castle Age
10:41 Double-Bit Axe
10:40 Horse Collar
12:35 Loom
14:52 Town Watch
16:17 Bow Saw
17:04 Wheelbarrow
17:43 Heavy Plow
17:36 Gold Mining
20:41 Squires
20:29 Gambesons
20:48 Scale Mail Armor
22:12 Forging
29:54 Imperial Age
27:21 Stone Mining
28:42 Medical Corps
29:17 Iron Casting
28:57 Chain Mail Armor
28:31 Pikeman
30:05 Hand Cart
30:04 Halberdier
31:48 Blast Furnace
30:39 Fletching
31:27 Conscription
32:37 Two-Man Saw
34:19 Wootz Steel
34:36 Hoardings
36:47 Plate Mail Armor
36:55 Arson
36:32 Elite Urumi Swordsman
47:56 Caravan
bulger97
5:36 Loom
9:16 Feudal Age
14:43 Castle Age
13:20 Double-Bit Axe
13:18 Horse Collar
17:40 Bow Saw
17:33 Heavy Plow
18:15 Gold Mining
22:26 Imperial Age
21:02 Padded Archer Armor
20:52 Fletching
23:38 Parthian Tactics
23:31 Thumb Ring
27:07 Ballistics
27:09 Husbandry
27:19 Bloodlines
28:51 Heavy Cavalry Archer
30:46 Chemistry
30:24 Bodkin Arrow
30:44 Leather Archer Armor
31:53 Wheelbarrow
31:03 Town Watch
33:21 Hand Cart
33:07 Town Patrol
34:43 Gold Shaft Mining
35:49 Caravan
38:52 Conscription
40:19 Marauders
39:47 Elite Tarkan
42:58 Bracer
43:11 Forging
43:06 Scale Barding Armor
44:23 Two-Man Saw
52:08 Chain Barding Armor
52:23 Iron Casting
52:43 Iron Casting
Almighty_Ares
7:12 Feudal Age
11:30 Castle Age
10:33 Double-Bit Axe
11:29 Horse Collar
13:18 Loom
16:41 Bow Saw
17:00 Fletching
18:13 Padded Archer Armor
18:40 Heavy Plow
19:50 Thumb Ring
22:41 Wheelbarrow
22:36 Leather Archer Armor
22:25 Bodkin Arrow
22:46 Leather Archer Armor
23:07 Town Watch
24:18 Scale Barding Armor
26:29 Thumb Ring
27:00 Hand Cart
27:35 Gold Mining
29:49 Bloodlines
29:40 Husbandry
32:05 Town Patrol
32:27 Ballistics
33:02 Stone Mining
36:22 Chain Barding Armor
36:00 Murder Holes
36:16 Masonry
42:51 Imperial Age
43:46 Gold Shaft Mining
43:16 Corvinian Army
44:26 Conscription
44:30 Bracer
44:49 Elite Magyar Huszar
48:09 Hoardings
49:16 Recurve Bow
skeezerrr
2:53 Loom
7:40 Feudal Age
8:26 Double-Bit Axe
9:19 Wheelbarrow
8:57 Horse Collar
13:44 Castle Age
12:36 Gold Mining
12:42 Stone Mining
14:39 Bow Saw
27:17 Imperial Age
25:22 Fortified Wall
26:24 Bloodlines
26:20 Husbandry
26:44 Forging
27:33 Chatras
31:12 Iron Casting
34:12 Elite Skirmisher
34:59 Padded Archer Armor
35:01 Fletching
35:20 Thumb Ring
38:27 Bodkin Arrow
39:30 Imperial Skirmisher
Gareth Southgate
9:06 Feudal Age
10:15 Double-Bit Axe
12:46 Castle Age
11:48 Fletching
12:34 Padded Archer Armor
12:31 Gold Mining
13:58 Bow Saw
13:17 Crossbowman
21:48 Wheelbarrow
21:36 Bodkin Arrow
22:05 Ballistics
23:37 Leather Archer Armor
24:06 Hand Cart
25:10 Stone Mining
25:55 Gold Shaft Mining
29:17 Imperial Age
27:18 Thumb Ring
28:45 Stone Shaft Mining
27:49 Elite Skirmisher
29:41 Imperial Skirmisher
31:56 Bracer
32:29 Ring Archer Armor
34:03 Chemistry
34:13 Loom
36:44 Arbalester
40:30 Conscription
41:42 Capped Ram
42:41 Siege Engineers
42:36 Siege Ram
46:07 Halberdier
47:00 Forging
46:50 Scale Mail Armor
bendellar
7:35 Feudal Age
9:04 Double-Bit Axe
9:44 Gold Mining
12:14 Castle Age
11:13 Loom
12:13 Forging
12:09 Scale Barding Armor
13:05 Wheelbarrow
12:15 Loom
13:08 Husbandry
17:38 Iron Casting
21:57 Hand Cart
22:35 Gold Shaft Mining
23:08 Chain Barding Armor
30:25 Imperial Age
28:18 Town Watch
28:49 Bow Saw
28:36 Stone Mining
29:17 Fletching
29:53 Bodkin Arrow
29:59 Padded Archer Armor
30:32 Cavalier
32:15 Blast Furnace
31:51 Plate Barding Armor
32:29 Conscription
32:21 Town Patrol
33:31 Caravan
33:50 Paladin
36:50 Murder Holes
45:12 Light Cavalry
45:56 Scale Mail Armor
45:58 Squires
48:25 Ballistics
47:54 Pikeman
49:29 Chain Mail Armor
49:23 Halberdier
Husain Bolt
8:06 Feudal Age
7:09 Loom
8:54 Double-Bit Axe
10:17 Horse Collar
13:02 Castle Age
17:46 Gold Mining
19:25 Bloodlines
20:00 Wheelbarrow
20:33 Heavy Plow
20:46 Bow Saw
21:45 Hand Cart
23:24 Gold Shaft Mining
27:02 Scale Barding Armor
27:08 Forging
26:49 Fletching
29:52 Imperial Age
30:37 Conscription
30:56 Cavalier
31:38 Husbandry
32:23 Iron Casting
32:22 Chain Barding Armor
35:57 Kamandaran
36:44 Bodkin Arrow
37:26 Plate Barding Armor
37:51 Blast Furnace
36:16 Savar
37:03 Crossbowman
37:51 Thumb Ring
37:38 Light Cavalry
43:12 Two-Man Saw
42:49 Padded Archer Armor
43:24 Masonry
44:15 Chemistry
Connection lost

Rejoining the realm…

Still unreachable

The connection could not be restored.

Session expired

The server has moved on; the page needs a fresh start.